 Dungeon Crawl Stone Soup version 0.29.1-2-gbd0b4ee654 (webtiles) character file.

Game seed: 3036283716830706436

92 tygarin the Magician (level 4, -1/33 HPs)
             Began as a Djinni Ice Elementalist on Nov 7, 2022.
             Slain by an adder (2 damage)
             ... on level 3 of the Dungeon.
             The game lasted 00:09:31 (2791 turns).

tygarin the Magician (Djinni Ice Elementalist)      Turns: 2791, Time: 00:09:31

Health: -1/33      AC:  2    Str:  7    XL:     4   Next: 90%
Gold:   86         EV: 13    Int: 17    God:
                   SH:  0    Dex: 15

rFire   + + .      SeeInvis .   d - +2 dagger (venom)
rCold   x . .      Faith    .   (no shield)
rNeg    . . .      Spirit   .   a - +0 robe
rPois   ∞          Reflect  .   (no helmet)
rElec   .          Harm     .   (no cloak)
rCorr   .          Rampage  .   (no gloves)
Will    .....                   (boots unavailable)
Stlth   +.........              (no amulet)
HPRegen 0.11/turn               (no ring)
MPRegen 0.00/turn               (no ring)

@: confused, flying, hasted, very quick
A: sickness immunity, fire resistance 2, cold vulnerability 1, float, innate
caster, HP casting, extra vitality 1
a: no special abilities


You were on level 3 of the Dungeon.
You visited 1 branch of the dungeon, and saw 3 of its levels.

You collected 86 gold pieces.

Inventory:

Hand Weapons
 d - a +2 dagger of venom (weapon)
 i - a +1 vampiric short sword
Missiles
 j - 19 stones
Armour
 a - a +0 robe (worn)
Scrolls
 b - 4 scrolls of identify {unknown}
 e - a scroll of teleportation {unknown}
 k - a scroll of enchant weapon {unknown}
Potions
 f - a potion of lignification {unknown}
 g - a potion of curing {unknown}
 h - a potion of degeneration {unknown}
 l - a potion of flight {unknown}


   Skills:
 + Level 1.7 Fighting
 + Level 1.7 Armour
 + Level 3.2 Dodging
 - Level 1.5 Stealth
 + Level 3.6 Spellcasting


You couldn't memorise any spells.
You knew the following spells:

 Your Spells              Type           Power      Damage    Failure   Level
a - Freeze                Ice            60%        1d8       3%          1
b - Frozen Ramparts       Ice            30%        1d5       11%         3
c - Ozocubu's Armour      Ice            15%        N/A       11%         3
d - Hailstorm             Conj/Ice       15%        3d5       34%         4
e - Sandblast             Erth           30%        2d9       3%          1
Your spell library was empty.

Dungeon Overview and Level Annotations

Branches:
Dungeon (3/15)

Altars:


Innate Abilities, Weirdness & Mutations

You are immune to sickness and miasma.
You are immune to poison.
Your flesh is very heat resistant. (rF++)
You are vulnerable to cold. (rC-)
You float through the air rather than walking.
You learn spells naturally, not from books.
Your magical power is your life essence.
You have superior vitality. (+4 MHP)


Message History

The orc is moderately wounded.
The wall freezes the adder.
The adder seems to slow down.
The wall freezes the orc wizard.
The orc wizard misses you.
The wall freezes the orc. x2; The orc hits you but does no damage.
You completely miss the orc.
The orc is severely wounded.
The wall freezes the adder.
The adder seems to slow down.
The wall freezes the orc wizard.
The orc wizard casts a spell at you.
You are confused.
The wall freezes the orc.
You kill the orc!
The wall freezes the orc.
The orc completely misses you.
Your frozen ramparts will break if you move.
Continue? [Y]es or [N]o only, please.
Your frozen ramparts will break if you move.
Continue?
Okay, then.
The wall freezes the orc wizard but does no damage.
The orc wizard hits you with a +0 dagger.
The wall freezes the orc.
You kill the orc!
The wall freezes the orc wizard.
The orc wizard points at you and mumbles some strange words.
You resist with some effort.
The wall freezes the orc wizard but does no damage.
The orc wizard casts a spell at you.
You are more confused.
The wall freezes the orc wizard but does no damage.
The orc wizard hits you with a +0 dagger.
The wall freezes the orc wizard.
The orc wizard gestures at you while chanting.
The magic dart hits you!
* * * LOW HITPOINT WARNING * * *
The frozen ramparts melt away.
The orc wizard misses you.
The orc wizard attacks as you move away!
The orc wizard hits you with a +0 dagger.
* * * LOW HITPOINT WARNING * * *
It was a potion of haste.
You feel yourself speed up.
The adder is no longer moving slowly.
The adder bites you.
You die...

# #.
######### ..
#<......#
#.##@####...
#)oS....#
#.†#.##.#
.....#... ..
#..##.#####
... #. #. ##
# #. #. !.


You could see an orc wizard and an adder.

Vanquished Creatures
  Robin (D:2)
  An adder (D:2)
  A worm (D:2)
  3 dart slugs (D:1)
  2 orcs (D:3)
  8 endoplasms
  3 giant cockroaches
  11 goblins
  5 hobgoblins
  4 jackals
  A quokka (D:1)
  A ball python (D:1)
  9 bats
  A kobold (D:2)
  4 rats
55 creatures vanquished.

Vanquished Creatures (others)
  A plant (D:1)
1 creature vanquished.

Grand Total: 56 creatures vanquished

Notes
Turn   | Place    | Note
-------+----------+-------------------------------------------
     0 | D:1      | tygarin the Djinni Ice Elementalist began the quest for the
                  | Orb.
     0 | D:1      | tygarin set off with the following spells memorised:
                  | Freeze, Frozen Ramparts, Ozocubu's Armour, Hailstorm.
     0 | D:1      | Reached XP level 1. HP: 15/15 MP: 0/0
   371 | D:1      | Reached XP level 2. HP: 18/22 MP: 0/0
   896 | D:1      | Reached XP level 3. HP: 21/26 MP: 0/0
   896 | D:1      | Learned a level 1 spell: Sandblast
   974 | D:1      | Reached skill level 1 in Fighting
  1060 | D:1      | Reached skill level 1 in Armour
  1825 | D:2      | Reached XP level 4. HP: 25/32 MP: 0/0
  2066 | D:2      | Noticed Robin
  2083 | D:2      | Killed Robin
  2559 | D:2      | Found a faded altar of an unknown god.
  2790 | D:3      | HP: 1/33 [orc wizard/+0 dagger (3)]
  2791 | D:3      | Slain by an adder

Illustrated notes

Levels and vault maps discovered:
D:1:      dpeg_arrival_refuge, layout_basic, serial_bayou_lagoon_b
D:2:      layout_basic, basic_altar,
          dreamdust_ecumenical_altar_angels_and_demons, uniq_robin
D:3:      layout_loops_cross, grunt_temple_overflow_magic_moments, uniq_jessica

Skill      XL: |  1  2  3 |
---------------+----------+-----
Fighting       | 1 |  1.7
Armour         | 1 |  1.7
Dodging        | 3 |  3.2
Stealth        | |  1.5
Spellcasting   | |  3.6

Action                   |  1- 3 |  4- 6 || total
-------------------------+-------+-------++-------
Melee: Club              |    15 |       ||    15
       Unarmed           |     5 |       ||     5
       Dagger            |    29 |    30 ||    59
 Cast: Freeze            |    31 |       ||    31
       Frozen Ramparts   |     1 |     3 ||     4
  Use: Potion            |       |     1 ||     1
 Stab: Sleeping          |     1 |     2 ||     3
Armor: Robe              |    13 |     6 ||    19
Dodge: Dodged            |    51 |    31 ||    82
